 Dungeon Crawl Stone Soup version 0.16-a0-3691-gf72e470 (webtiles) character file.

70 Gorice the Stinger (level 3, -1/26 HPs)
             Began as a Demigod Wanderer on Jan 18, 2015.
             Killed from afar by an orc wizard (6 damage)
             ... with a puff of flame
             ... on level 3 of the Dungeon.
             The game lasted 00:13:19 (1399 turns).

Gorice the Stinger (Demigod Wanderer)               Turns: 1399, Time: 00:13:19

Health: -1/26      AC:  8    Str: 16    XL:     3   Next: 76%
Magic:  2/8        EV: 10    Int: 18    God:
Gold:   66         SH:  0    Dex: 14    Spells: 1 memorised, 6 levels left

rFire  . . .     SeeInvis .     o - -1 short sword (curse)
rCold  . . .     Clarity  .     s - +0 scale mail (curse)
rNeg   . . .     SustAb   +     (no shield)
rPois  .         Gourm    .     (no helmet)
rElec  .         Spirit   .     (no cloak)
rCorr  .         Warding  .     k - +1 pair of gloves
rMut   .         Stasis   .     (no boots)
MR     .....                    (no amulet)
Stlth  ..........               (no ring)
                                (no ring)

@: confused, very slightly contaminated, not resistant to hostile enchantments,
extremely unstealthy
A: sustain abilities
a: no special abilities


You were on level 3 of the Dungeon.
You were not hungry.

You visited 1 branch of the dungeon, and saw 3 of its levels.

You collected 66 gold pieces.

Inventory:

Hand weapons
 b - a +0 blowgun
 h - a cursed +0 short sword
 n - a +0 dagger
 o - a cursed -1 short sword (weapon)
 w - a +0 whip
 y - a +0 short sword
Missiles
 c - 36 poisoned needles
 m - 18 sling bullets of frost
 Z - 25 stones (quivered)
Armour
 e - a +0 robe
 k - a +1 pair of gloves (worn)
 l - a +0 ring mail
 p - a +0 scale mail
 s - a cursed +0 scale mail (worn)
Scrolls
 g - a scroll of recharging
 z - a scroll of fear
Potions
 q - a potion of invisibility
 r - 2 potions of mutation
 v - a potion of might {unknown}
 x - a potion of lignification {unknown}
Books
 a - a Young Poisoner's Handbook
 d - the Almanac of Flamy Arcane Weapons

   Spells                             Type                      Level
   a - Flame Tongue                   Conjuration/Fire             1
   b - Conjure Flame                  Conjuration/Fire             3
Comestibles
 f - 2 bread rations
 i - a meat ration
 j - a beef jerky
 u - 4 chunks of flesh


   Skills:
   Level 1.0 Staves
 - Level 1.0 Throwing
 - Level 1.7 Dodging
 - Level 1.0 Stealth
 + Level 2.5 Spellcasting
 * Level 1.8 Conjurations
 + Level 3.2 Poison Magic


You had 6 spell levels left.
You knew the following spells:

 Your Spells              Type           Power        Failure   Level  Hunger
a - Sting                 Conj/Pois      ##..         24%         1    #......


Dungeon Overview and Level Annotations

Branches:
Dungeon (3/15)

Annotations:
D:3 Natasha


Innate Abilities, Weirdness & Mutations

Your attributes are resistant to harm.


Message History

You kill the orc!
Something hits you but does no damage. Something hits you but does no damage.
Things that are here:
a club; an orc corpse You barely miss something.
Something hits you but does no damage. Something hits you but does no damage.
Casting: Sting
Confirm with . or Enter, or press ? or * to list all spells.
Aiming: Sting
Press: ? - help, Shift-Dir - straight line The sting hits something.
You hear some strange, mumbled words.
You are confused.
You bump into the rock wall.
You barely miss something.
You hear some strange, mumbled words.
A puff of flame appears from out of thin air!
The puff of flame hits you!
You die...

### ##### ..# ....#
#.#######....#
#.#...).#....#
#.#@###.#...5#
....#####.#.###.#....####
..h..5.>.................
....#...#.#.#...#)...####
#.#.#.#.#.###....# #
#.#5#.#.# ....# #.#.#.#.#
....# #.#5#.#.###....#
#..h.<..........


There were no monsters in sight!

Vanquished Creatures
  2 adders (D:2)
  2 worms
  A giant gecko (D:1)
  An ooze (D:1)
  2 orcs (D:3)
  6 bats
  5 giant cockroaches
  4 hobgoblins
  2 goblins (D:1)
  8 kobolds
  6 rats
39 creatures vanquished.

Notes
Turn   | Place    | Note
--------------------------------------------------------------
     0 | D:1      | Gorice, the Demigod Wanderer, began the quest for the Orb.
     0 | D:1      | Gorice set off with: a Young Poisoner's Handbook, the Almanac of Flamy Arcane Weapons, 11 poisoned needles, a +0 blowgun, a +0 robe, a bread ration
     0 | D:1      | Reached XP level 1. HP: 14/14 MP: 3/3
     0 | D:1      | Identified the Almanac of Flamy Arcane Weapons
     2 | D:1      | Learned a level 1 spell: Sting
   132 | D:1      | Reached skill level 2 in Spellcasting
   162 | D:1      | Reached XP level 2. HP: 11/20 MP: 0/5
   333 | D:1      | Reached skill level 3 in Poison Magic
   828 | D:1      | Reached skill level 1 in Conjurations
   887 | D:2      | Reached XP level 3. HP: 24/26 MP: 0/8
  1345 | D:3      | Noticed Natasha
  1399 | D:3      | Killed from afar by an orc wizard

Action                   || total
-------------------------++-------
Melee: Dagger            ||     4
       Short sword       ||    58
 Fire: Blowgun           ||    26
Throw: Stone             ||     1
 Cast: Sting             ||    65
  Use: Scroll            ||     8
       Potion            ||     1
 Stab: Sleeping          ||     6
  Eat: Chunk             ||     2

Table legend:
 A = Turns spent in this place as a percentage of turns spent in the entire game.
 B = Non-inter-level travel turns spent in this place as a percentage of non-inter-level travel turns spent in the entire game.
 C = Inter-level travel turns spent in this place as a percentage of turns spent in this place.
 D = Turns resting spent in this place as a percentage of non-inter-level travel turns spent in this place.
 E = Turns spent auto-exploring this place as a percentage of non-inter-level travel turns spent in this place.
 F = Non-inter-level travel turns spent in this place divided by the number of levels of this place that you've seen.
                   A       B       C       D       E      F
               +-------+-------+-------+-------+-------+----------------------
         Total | 100.0 | 100.0 |   0.1 |   0.5 |   4.9 | 277.0
       Dungeon | 100.0 | 100.0 |   0.1 |   0.5 |   4.9 | 277.0
               +-------+-------+-------+-------+-------+----------------------

Vault maps used:
D:1:      dpeg_arrival_rhombus
D:2:      first_bread
D:3:      lemuel_doored_altar, zin_angel, uniq_grinder, uniq_sigmund,
          uniq_natasha, uniq_robin
